Map: Neon Violet Square LE

Players

iPlayDefense

  • Race: Terran Terran
  • League: Silver
  • Spawn Location: 5:00

BroadSword - Winner!

  • Race: Terran Terran
  • Spawn Location: 11:00

VOD

Have the link to the VOD?

Description

Time

  • Played on: April 13, 2025, 11:33 p.m.
  • Length: 12:06
Show
View Real Time Build Order
Export as new Build Order

iPlayDefense Terran 

Build Orders:  

Get SALT Encoding   

  12  0:00  SCV  
  13  0:15  SCV  
  13  0:20  Supply Depot  
  14  0:26  Refinery  
  14  0:47  Barracks  
  14  0:50  Supply Depot  
  14  0:55  SCV  
  15  1:08  SCV  
  16  1:20  SCV  
  17  1:35  Orbital Command  
  17  1:36  Barracks Reactor  
  17  2:06  Command Center  
  17  2:10  SCV  
  17  2:13  Marine  
  19  2:17  Marine  
  20  2:23  SCV  
  21  2:31  Marine  
  21  2:34  Marine  
  23  2:46  Barracks  
  23  2:47  Barracks  
  23  3:01  Refinery  
  23  3:10  Marine x2  
  26  3:20  SCV  
  26  3:28  Marine x2  
  26  3:31  SCV  
  26  3:32  SCV  
  30  3:36  Barracks Tech Lab x2  
  30  3:43  SCV  
  30  3:44  SCV  
  30  3:46  Marine x2  
  34  3:55  SCV  
  34  3:56  SCV  
  34  4:00  Factory  
  36  4:04  Marine x2  
  36  4:08  SCV  
  39  4:14  SCV  
  39  4:15  Marine  
  41  4:22  Marine x2  
  41  4:23  Supply Depot  
  43  4:26  SCV  
  44  4:31  Stimpack  
  44  4:32  Combat Shield  
  43  4:38  SCV  
  43  4:40  Marine  
  45  4:59  Marine x2  
  47  5:01  Factory Tech Lab  
  47  5:02  Command Center  
  43  5:13  Marine  
  43  5:14  Marine  
  44  5:17  Marine x2  
  47  5:31  Marine  
  47  5:32  Marine  
  47  5:33  SCV  
  47  5:34  Marine  
  47  5:35  Marine  
  52  5:44  Supply Depot  
  52  5:45  SCV  
  53  5:52  Reaper  
  54  6:02  Marine  
  54  6:05  Marine  
  54  6:06  Siege Tank, SCV  
  59  6:12  SCV  
  60  6:21  SCV  
  60  6:22  SCV  
  60  6:24  SCV, Marine  
  60  6:25  Marine  
  65  6:30  Marine x2  
  67  6:34  SCV x2  
  67  6:35  Supply Depot  
  67  6:36  SCV  
  67  6:38  Siege Tank  
  73  6:42  Marine x2  
  75  6:48  SCV  
  76  6:56  Barracks  
  76  6:58  Barracks  
  76  6:59  Marine x2  
  76  7:00  SCV  
  79  7:11  Orbital Command  
  79  7:12  SCV  
  80  7:16  Marine  
  81  7:24  SCV  
  82  7:36  Marine x2  
  80  7:41  SCV x2  
  80  7:44  Marine x2  
  82  7:48  Barracks Reactor x2  
  84  7:53  SCV  
  85  8:00  Supply Depot  
  85  8:02  Supply Depot  
  85  8:09  Engineering Bay  
  85  8:11  Engineering Bay  
  85  8:21  SCV x2, Marine x4  
  85  8:24  Supply Depot, Siege Tank  
  85  8:26  Supply Depot  
  94  8:27  SCV  
  94  8:29  Marine x4  
  94  8:33  SCV x2  
  101  8:39  SCV  
  101  8:40  Marine  
  101  8:41  Marine x2  
  101  8:42  Marine  
  101  8:45  SCV  
  80  8:56  Siege Tank  
  80  8:58  SCV, Marine x2  
  72  9:10  SCV  
  69  9:28  Siege Tank  
  69  9:29  SCV x2  
  74  9:33  Marine x4  
  74  9:34  Marine x2  
  80  9:41  SCV  
  80  9:42  SCV  
  82  9:46  Supply Depot  
  82  9:47  SCV  
  82  9:49  Marine  
  82  9:50  Marine  
  82  9:51  Supply Depot, Marine x2  
  87  9:59  SCV  
  81  10:00  Siege Tank  
  84  10:07  Marine x2  
  84  10:11  SCV  
  87  10:18  Refinery  
  87  10:19  Refinery  
  87  10:23  SCV  
  87  10:26  Missile Turret x2  
  88  10:32  Siege Tank  
  91  10:36  Marine x5  
  91  10:37  Marine  
  91  10:38  Command Center  
  97  10:46  Missile Turret  
  97  10:49  Missile Turret  
  97  10:51  Missile Turret x2  
  97  10:53  Marine, Missile Turret x2  
  97  10:54  Marine  
  97  10:55  Missile Turret  
  95  11:04  Siege Tank  
  95  11:06  Supply Depot  
  95  11:10  Supply Depot  
  86  11:23  SCV x2  
  87  11:26  Marine x4  
  87  11:27  Marine x2  
  93  11:35  SCV  
  97  11:40  Starport  
  97  11:42  Starport  
  97  11:44  Marine x2  
Show
View Real Time Build Order
Export as new Build Order

BroadSword Terran - Winner!

Build Orders:  

Get SALT Encoding   

  12  0:03  SCV  
  13  0:19  Supply Depot  
  13  0:23  Refinery  
  13  0:24  SCV  
  14  0:36  SCV  
  15  0:46  Barracks  
  15  0:53  SCV  
  16  1:05  SCV  
  17  1:18  SCV  
  18  1:30  SCV  
  19  1:33  Marine  
  20  1:43  Command Center  
  20  1:45  SCV  
  21  1:54  Marine  
  21  2:00  Supply Depot  
  22  2:02  SCV  
  23  2:22  SCV, Marine  
  25  2:27  Refinery  
  25  2:34  SCV  
  26  2:40  Factory  
  26  2:44  Barracks Reactor  
  26  2:47  SCV  
  27  2:59  Bunker  
  27  3:00  SCV  
  26  3:21  Marine x2  
  28  3:27  Factory Tech Lab, Bunker  
  28  3:52  Siege Tank  
  31  3:57  Orbital Command  
  31  4:04  Marine, Reaper  
  33  4:10  Supply Depot  
  33  4:14  Starport  
  33  4:23  Marine  
  33  4:24  Siege Tank  
  37  4:39  SCV  
  38  4:56  Siege Tank, Engineering Bay  
  41  5:11  Marine  
  41  5:12  Marine  
  43  5:23  Barracks  
  43  5:31  SCV, Missile Turret x3  
  43  5:34  Refinery  
  44  5:36  Supply Depot  
  44  5:38  Marine  
  44  5:39  Marine  
  44  5:40  Medivac  
  48  5:43  SCV  
  49  5:56  SCV, Marine  
  49  5:57  Marine  
  47  6:08  SCV  
  48  6:20  SCV  
  48  6:25  SCV  
  50  6:32  SCV  
  51  6:37  SCV  
  52  6:44  SCV  
  53  6:49  SCV  
  53  6:50  Command Center  
  54  6:55  Marine  
  54  6:56  SCV, Marine  
  54  6:57  Siege Tank  
  61  7:01  SCV  
  61  7:05  Medivac  
  62  7:16  Terran Infantry Weapons Level 1  
  62  7:19  Engineering Bay  
  62  7:59  Supply Depot, Siege Tank, SCV  
  62  8:00  Supply Depot  
  62  8:03  Orbital Command  
  66  8:06  Refinery  
  66  8:08  Supply Depot  
  66  8:11  Orbital Command, SCV  
  67  8:17  Marine x2  
  69  8:23  SCV  
  70  8:34  Starport Tech Lab  
  70  8:35  Marine x2  
  72  8:53  Marine x2  
  71  9:10  Marine  
  71  9:11  Marine  
  70  9:23  Cloaking Field  
  65  9:30  Supply Depot, Starport  
  68  9:34  Marine x2, Medivac  
  69  9:38  Siege Tank  
  69  9:42  SCV, Refinery  
  69  9:43  SCV x2  
  69  9:44  Refinery  
  75  9:52  Marine x2  
  76  9:57  Factory  
  77  10:11  Terran Infantry Armor Level 1  
  77  10:14  Armory  
  77  10:15  Siege Tank  
  77  10:16  Starport Tech Lab  
  80  10:28  Supply Depot x2  
  80  10:29  Supply Depot  
  80  10:30  Supply Depot  
  80  10:31  SCV  
  80  10:32  SCV x2  
  81  10:44  SCV x3  
  81  10:46  Marine x2  
  81  10:47  Factory Tech Lab  
  86  10:57  Banshee  
  86  10:58  Banshee  
  86  10:59  Barracks Tech Lab  
  92  11:14  Siege Tank x2  
  92  11:16  SCV x3  
  101  11:44  Marine x3  
  109  11:58  Missile Turret  
Tags
 
League
Silver
Matchup
TvT
Race
Terran
Replay Pack
DaveSC2
Spawn Locations
Cross Positions
Add a new tag
Caveats
  • Supply blocks, unpowered buildings, or Contaminate may cause inaccurate times.
  • Supply counts are checked every 10 seconds.